 Dungeon Crawl Stone Soup version 0.31-a0-1074-g0b22e4e0f1 (webtiles) character file.

Game seed: 15964396193279665203

82 Smoke131 the Trooper (level 4, -6/48 HPs)
             Began as an Ogre Gladiator on Dec 4, 2023.
             Mangled by Crazy Yiuf
             ... wielding a +2 quarterstaff of chaos
              (7 damage)
             ... on level 2 of the Dungeon.
             The game lasted 00:05:15 (1832 turns).

Smoke131 the Trooper (Ogre Gladiator)               Turns: 1832, Time: 00:05:15

Health: -6/48      AC:  3    Str: 20    XL:     4   Next: 43%
Magic:  4/4        EV:  7    Int:  9    God:
Gold:   64         SH: 11    Dex: 16    Spells: 3/3 levels left

rFire   + . .        a - +0 trident
rCold   . . .        o - +0 tower shield
rNeg    . . .        b - +0 robe
rPois   .            c - +0 hat
rElec   .            (no cloak)
rCorr   .            (gloves unavailable)
SInv    .            (boots unavailable)
Will    +....        (no amulet)
Stlth   +            h - ring of protection from fire
HPRegen 0.28/turn    j - +6 ring of dexterity
MPRegen 0.09/turn

%: no passive effects
@: enlightened, flying
A: large, unfitting armour, tough skin 1
a: no special abilities


You were on level 2 of the Dungeon.
You visited 1 branch of the dungeon, and saw 2 of its levels.

You collected 64 gold pieces.

Inventory:

Hand Weapons
 a - a +0 trident (weapon)
Missiles
 d - 3 throwing nets
Armour
 b - a +0 robe (worn)
 c - a +0 hat (worn)
 o - a +0 tower shield (worn)
Jewellery
 h - a ring of protection from fire (left hand)
 j - a +6 ring of dexterity (right hand)
Scrolls
 g - 4 scrolls of identify {unknown}
 k - a scroll of noise {unknown}
Potions
 i - a potion of lignification {unknown}
 l - a potion of degeneration {unknown}
 m - a potion of curing {unknown}
 n - a potion of resistance {unknown}


   Skills:
 + Level 4.0 Fighting
 + Level 3.7 Polearms
 + Level 2.9 Throwing
 - Level 3.0 Dodging


You had 3 spell levels left.
You didn't know any spells.
Your spell library contained the following spells:

 Spells                   Type           Power      Damage    Failure   Level
 Freeze                   Ice            0%         1d3       99%         1
 Summon Small Mammal      Summ           0%         N/A       99%         1
 Call Canine Familiar     Summ           0%         N/A       100%        3
 Frozen Ramparts          Ice            0%         1d1       100%        3
 Hailstorm                Conj/Ice       0%         3d3       100%        3
 Summon Guardian Golem    Hex/Summ       0%         N/A       100%        3
 Summon Ice Beast         Ice/Summ       0%         N/A       100%        4
 Simulacrum               Ice/Necr       0%         N/A       100%        6


Dungeon Overview and Level Annotations

Branches:
Dungeon (2/15)

Altars:
Fedhas

Annotations:
D:2 Crazy Yiuf


Innate Abilities, Weirdness & Mutations

You are too large for most types of armour.
You have tough skin. (AC +1)


Message History

Throw: large rock
Press: ? - help, Q - select action, (/) - cycle Shift-Dir - straight line, f - Crazy Yiuf
Aim: Crazy Yiuf, wielding a +2 quarterstaff of chaos and wearing a +0 cloak (64% to hit)
You throw a large rock.
The large rock barely misses Crazy Yiuf.
Crazy Yiuf hits you with a +2 quarterstaff of chaos!
You are poisoned.
You block Crazy Yiuf's attack.
You barely miss Crazy Yiuf.
You feel very sick.
Crazy Yiuf hits you with a +2 quarterstaff of chaos!
You closely miss Crazy Yiuf.
You feel very sick.
Crazy Yiuf whimpers, "Cake wrapper rumpyflump!"
You block Crazy Yiuf's attack.
Crazy Yiuf sings, "Trees, trees, trees, circus!"
Crazy Yiuf hits you with a +2 quarterstaff of chaos!
* * * LOW HITPOINT WARNING * * *
You closely miss Crazy Yiuf.
You feel sick. Crazy Yiuf closely misses you.
You hit Crazy Yiuf but do no damage.
You feel sick.
Crazy Yiuf grits, "Shower!"
You block Crazy Yiuf's attack. x2
You puncture Crazy Yiuf!
Crazy Yiuf is heavily wounded.
You feel sick.
Crazy Yiuf flaps his cloak.
You block Crazy Yiuf's attack.
You closely miss Crazy Yiuf.
Crazy Yiuf is heavily wounded.
You feel sick.
You are no longer poisoned.
Crazy Yiuf hits you with a +2 quarterstaff of chaos!
* * * LOW HITPOINT WARNING * * *
Crazy Yiuf cries, "Aardvark snockshim shrimp!"
You block Crazy Yiuf's attack.
It was a potion of enlightenment.
You feel very buoyant.
You fly up into the air.
Crazy Yiuf hits you with a +2 quarterstaff of chaos!
You die...

#####..##.#.......######..#
#.)##.# #.### ##.# #.)##.#
.# #.# ##..# ## #.# ##...#
#.## ###....# ♣♣♣♣♣##..#
.......### ### ♣♣♣.♣...##.#
.......:.#
#...#♣..♣.PP....#
#....†####
#(..g@♣♣♣♣......# #####.#
#)..#♣♣ ♣♣P.#.## #.# ###
♣♣#### #####.# ......#
#######


You could see Crazy Yiuf.

Vanquished Creatures
  Terence (D:2)
  An adder (D:2)
  3 worms (D:2)
  A dart slug (D:1)
  5 endoplasms
  A giant cockroach (D:1)
  5 goblins
  3 hobgoblins
  4 jackals (D:1)
  A quokka (D:2)
  2 ball pythons (D:2)
  2 bats (D:2)
  A frilled lizard (D:2)
  2 kobolds (D:2)
  3 rats
35 creatures vanquished.

Notes
Turn   | Place    | Note
-------+----------+-------------------------------------------
     0 | D:1      | Smoke131 the Ogre Gladiator began the quest for the Orb.
     0 | D:1      | Reached XP level 1. HP: 22/22 MP: 1/1
   179 | D:1      | Reached XP level 2. HP: 29/29 MP: 2/2
   329 | D:1      | Reached skill level 3 in Fighting
  1065 | D:2      | Reached XP level 3. HP: 37/37 MP: 3/3
  1067 | D:2      | Found a blossoming altar of Fedhas.
  1069 | D:2      | Noticed Terence
  1253 | D:2      | Got the Verses on Graupel
  1649 | D:2      | Found a faded altar of an unknown god.
  1758 | D:2      | Reached XP level 4. HP: 48/48 MP: 4/4
  1791 | D:2      | Killed Terence
  1792 | D:2      | Reached skill level 4 in Fighting
  1820 | D:2      | Found a runed translucent door.
  1821 | D:2      | Noticed Crazy Yiuf
  1831 | D:2      | HP: 1/48 [Crazy Yiuf/+2 quarterstaff of chaos (8)]
  1832 | D:2      | Mangled by Crazy Yiuf

Illustrated notes

Levels and vault maps discovered:
D:1:      dpeg_arrival_concentric_ovals, layout_basic
D:2:      layout_loops_ring, basic_altar,
          hellmonk_ecumenical_altar_pennies_from_heaven, serial_bayou_lagoon_a,
          minmay_misc_feat_cross, hangedman_decor_clover_reticule,
          hangedman_decor_growths, uniq_terence, uniq_crazy_yiuf_cottage

Skill      XL: |  1  2  3  4 |
---------------+-------------+-----
Fighting       | 3 4 |  4.0
Dodging        | 3 |  3.0
Polearms       | |  3.7
Throwing       | |  2.9

Action                     |  1- 3 |  4- 6 || total
---------------------------+-------+-------++-------
  Melee: Trident           |    91 |     8 ||    99
         Punch             |     2 |       ||     2
  Throw: Large rock        |       |     2 ||     2
    Use: Potion            |       |     1 ||     1
   Stab: Sleeping          |     2 |       ||     2
 Armour: Robe              |    58 |     6 ||    64
  Dodge: Dodged            |    51 |     6 ||    57
  Block: Tower shield      |       |     6 ||     6

Table legend: (Time is in decaauts)
 A = Elapsed time spent in this place.
 B = Non-inter-level travel time spent in this place.
 C = Inter-level travel time spent in this place.
 D = Time resting spent in this place.
 E = Time spent auto-exploring this place.
 F = Levels seen in this place.
 G = Mean time per level.
                   A        B        C        D        E       F      G
               +--------+--------+--------+--------+--------+-----+--------+
         Total |   1849 |   1716 |    133 |     34 |   1213 |   2 |  924.5 |
       Dungeon |   1849 |   1716 |    133 |     34 |   1213 |   2 |  924.5 |
               +--------+--------+--------+--------+--------+-----+--------+

Top non-repeatable levels by time:
     D:1: 1117 daAuts
     D:2: 732 daAuts
